 Dungeon Crawl Stone Soup version 0.26.0-10-g1f06aea511 (webtiles) character file.

Game seed: 4712526455482925130

57 Arum the Skirmisher (level 4, -6/40 HPs)
             Began as a Ghoul Monk on Jan 19, 2021.
             Mangled by a worm (10 damage)
             ... on level 2 of the Dungeon.
             The game lasted 00:01:45 (1439 turns).

Arum the Skirmisher (Ghoul Monk)                    Turns: 1439, Time: 00:01:45

Health: -6/40      AC:  3    Str: 15    XL:     4   Next: 0%
Magic:  3/3        EV: 13    Int:  5    God:
Gold:   51         SH:  0    Dex: 11    Spells: 3/3 levels left

rFire    + . .     SeeInvis .     - Unarmed
rCold    + . .     Faith    .   (no shield)
rNeg     + + +     Spirit   .   a - +0 robe
rPois    ∞         Reflect  .   (no helmet)
rElec    .         Harm     .   (no cloak)
rCorr    .         Rampage  .   (no gloves)
Will     .....                  j - +0 pair of boots
Stlth    ++........             (no amulet)
HPRegen  0.00/turn              l - ring of protection from fire
MPRegen  0.08/turn              (no ring)

@: no status effects
A: claws 1, cold resistance 1, negative energy resistance 3, inhibited
regeneration, torment resistance, unbreathing
a: no special abilities


You were on level 2 of the Dungeon.
You visited 1 branch of the dungeon, and saw 2 of its levels.

You collected 51 gold pieces.

Inventory:

Armour
 a - a +0 robe (worn)
 j - a +0 pair of boots (worn)
Jewellery
 l - a ring of protection from fire (left claw)
Scrolls
 c - a scroll of fear {unknown}
 f - 3 scrolls of teleportation {unknown}
 g - a scroll of amnesia {unknown}
 h - a scroll of remove curse {unknown}
 m - a scroll of identify {unknown}
 n - a scroll of blinking {unknown}
Potions
 b - a potion of might {unknown}
 d - a potion of invisibility {unknown}
 e - a potion of experience {unknown}
 i - a potion of flight {unknown}
 k - a potion of curing {unknown}


   Skills:
 + Level 4.0 Fighting
 + Level 3.2 Dodging
 - Level 2.1 Stealth
 + Level 4.0 Unarmed Combat


You had 3 spell levels left.
You didn't know any spells.
Your spell library was empty.

Dungeon Overview and Level Annotations

Branches:
Dungeon (2/15)

Altars:


Innate Abilities, Weirdness & Mutations

You thrive by killing the living.
You are immune to poison.
You have sharp fingernails.
Your flesh is cold resistant. (rC+)
You are immune to negative energy. (rN+++)
You do not regenerate when monsters are visible.
You are immune to unholy pain and torment.
You can survive without breathing.


Message History

The goblin barely misses you.
You claw the goblin!
You kill the goblin!
You feel better.
You closely miss the hobgoblin. The hobgoblin barely misses you.
You closely miss the hobgoblin. The hobgoblin closely misses you.
You barely miss the hobgoblin. The hobgoblin hits you with a +0 club.
* * * LOW HITPOINT WARNING * * *
You barely miss the hobgoblin. The hobgoblin closely misses you.
You scratch the hobgoblin.
The hobgoblin is almost dead.
You claw the hobgoblin!
You kill the hobgoblin!
You feel better.
You have reached level 4!
You barely miss the worm. You claw the worm!
The worm is heavily wounded.
The worm bites you!
You die...

#...[.....! #........#
#........## ########.(#
######w# #......##
#.......#
##...(...###########
..<.....>..w@......#
########.#########.#
#....######.#########
#...........#.......#
#.....#######.#####.#
#.....###..<#.##....#
####.........###.##.####
#................##.#
#.##........#######.#


You could see a worm.

Vanquished Creatures
  An adder (D:2)
  A worm (D:2)
  A leopard gecko (D:2)
  A giant cockroach (D:2)
  5 hobgoblins
  3 jackals (D:1)
  5 kobolds
  12 bats
  A frilled lizard (D:2)
  7 goblins
  5 rats
  A bush (D:1)
43 creatures vanquished.

Vanquished Creatures (others)
  6 plants (D:1)
6 creatures vanquished.

Grand Total: 49 creatures vanquished

Notes
Turn   | Place    | Note
-------+----------+-------------------------------------------
     0 | D:1      | Arum the Ghoul Monk began the quest for the Orb.
     0 | D:1      | Reached XP level 1. HP: 19/19 MP: 0/0
   181 | D:1      | Reached XP level 2. HP: 26/26 MP: 1/1
   523 | D:1      | Reached XP level 3. HP: 31/33 MP: 2/2
  1428 | D:2      | HP: 1/33 [goblin/+0 dagger (5)]
  1434 | D:2      | HP: 1/33 [hobgoblin/+0 club (4)]
  1438 | D:2      | Reached XP level 4. HP: 4/40 MP: 3/3
  1439 | D:2      | Mangled by a worm

Illustrated notes

Levels and vault maps discovered:
D:1:      saegor_arrival_miasma, layout_rooms, serial_forest,
          infiniplex_forest_clump_tiny, infiniplex_forest_clump_medium,
          infiniplex_forest_corner_1, infiniplex_forest_end_2,
          infiniplex_forest_straight_2, infiniplex_forest_lined_ring,
          infiniplex_forest_clump_medium, infiniplex_forest_3_way,
          infiniplex_forest_end_1
D:2:      layout_basic, nicolae_overflow_hidden_temple

Skill      XL: |  1  2  3 |
---------------+----------+-----
Dodging        | 3 |  3.2
Fighting       | 4 |  4.0
Unarmed Combat | 4 |  4.0
Stealth        | |  2.1

Action                   |  1- 3 |  4- 6 || total
-------------------------+-------+-------++-------
Melee: Unarmed           |   227 |     2 ||   229
       Punch             |     5 |       ||     5
 Stab: Sleeping          |     1 |       ||     1
Armor: Robe              |    31 |       ||    31
Dodge: Dodged            |   109 |       ||   109
